 Dungeon Crawl Stone Soup version 0.27-a0-364-g31b3477 (webtiles) character file.

Game seed: 8480943557851931398

793 MrTaco21 the Basher (level 7, 0/41 HPs)
             Began as a Gargoyle Fighter on Feb 16, 2021.
             Was an Initiate of Okawaru.
             Shot with an arrow by a centaur (12 damage)
             ... on level 6 of the Dungeon.
             The game lasted 00:05:30 (5665 turns).

MrTaco21 the Basher (Gargoyle Fighter)              Turns: 5665, Time: 00:05:30

Health: 0/41       AC:  9    Str: 22    XL:     7   Next: 88%
Magic:  7/7        EV:  7    Int:  8    God:    Okawaru [......]
Gold:   264        SH:  9    Dex:  9    Spells: 6/6 levels left

rFire    . . .     SeeInvis .   a - +0 flail
rCold    . . .     Faith    .   c - +0 kite shield
rNeg     + . .     Spirit   .   b - +0 scale mail
rPois    ∞         Reflect  .   t - +0 helmet
rElec    +         Harm     .   n - +0 cloak
rCorr    .         Rampage  .   (no gloves)
Will     .....                  (no boots)
Stlth    ..........             (no amulet)
HPRegen  0.13/turn              (no ring)
MPRegen  0.10/turn              (no ring)

@: corroded
A: negative energy resistance 1, electricity resistance, unbreathing,
petrification resistance, miasma immunity, AC +4
a: Renounce Religion


You were on level 6 of the Dungeon.
You worshipped Okawaru.
Okawaru was noncommittal.
You visited 2 branches of the dungeon, and saw 7 of its levels.

You collected 264 gold pieces.

Inventory:

Hand Weapons
 a - a +0 flail (weapon)
Missiles
 m - 30 poisoned darts (quivered)
Armour
 b - a +0 scale mail (worn)
 c - a +0 kite shield (worn)
 n - a +0 cloak (worn)
   (You found it on level 2 of the Dungeon)
 t - a +0 helmet (worn)
   (You took it off Robin on level 3 of the Dungeon)
 y - a +0 pair of boots
   (You found it on level 6 of the Dungeon)
Scrolls
 e - 4 scrolls of fog {unknown}
 f - 9 scrolls of identify {unknown}
 h - 2 scrolls of teleportation {unknown}
 i - a scroll of immolation {unknown}
 l - a scroll of amnesia {unknown}
 o - 2 scrolls of enchant armour {unknown}
 r - a scroll of fear {unknown}
 s - a scroll of magic mapping {unknown}
 v - a scroll of enchant weapon {unknown}
 w - a scroll of blinking {unknown}
Potions
 d - a potion of might
 g - a potion of brilliance {unknown}
 j - 3 potions of invisibility {unknown}
 k - 4 potions of heal wounds {unknown}
 p - a potion of attraction {unknown}
 q - a potion of lignification {unknown}
 u - 2 potions of magic {unknown}
 x - a potion of haste {unknown}
 z - a potion of curing {unknown}


   Skills:
 - Level 3.2 Fighting
 + Level 8.8 Maces & Flails
 - Level 3.2 Armour
 - Level 3.2 Shields


You had 6 spell levels left.
You didn't know any spells.
Your spell library was empty.

Dungeon Overview and Level Annotations

Branches:
Dungeon (6/15)             Temple (1/1) D:4

Altars:
Ashenzari
Cheibriados
Dithmenos
Elyvilon
Fedhas
Gozag
Hepliaklqana
Kikubaaqudgha
Makhleb
Nemelex Xobeh
Okawaru
Qazlal
Ru
Sif Muna
Trog
Uskayaw
Vehumet
Wu Jian
Xom
Yredelemnul
Zin
The Shining One


Innate Abilities, Weirdness & Mutations

You are resistant to torment.
Your stone body is resilient. (AC +4)
You are immune to poison.
You resist negative energy. (rN+)
You are resistant to electric shocks. (rElec)
You can survive without breathing.
You are immune to petrification.
You are immune to miasma.


Message History

Found a white marble altar of Elyvilon.
Found a basalt altar of Yredelemnul and an ancient bone altar of Kikubaaqudgha.
k - 4 sedimented silvery potions (gained 1)
There is a basalt altar of Yredelemnul here.
There is an ancient bone altar of Kikubaaqudgha here.
Found 22 sling bullets.
No target in view!
Found a pair of boots.
Found 27 stones.
y - a pair of boots
Found 12 gold pieces.
A centaur comes into view.
The centaur wields a +0 shortbow.
The centaur shoots an arrow.
You block the arrow.
The centaur shoots an arrow.
The arrow hits you.
A centaur is nearby!
A centaur is nearby!
A worker ant comes into view.
The centaur shoots an arrow.
The arrow hits you.
A jelly comes into view.
The jelly quivers.
The centaur shoots an arrow.
You block the arrow.
Found a rapier.
The centaur shoots an arrow.
You block the arrow.
You barely miss the worker ant.
The worker ant bites you but does no damage.
You hit the worker ant.
The worker ant bites you but does no damage.
The worker ant bites you.
You closely miss the worker ant.
The centaur shoots an arrow.
The arrow hits you but does no damage. You block the worker ant's attack.
The jelly hits you but does no damage.
The centaur shoots an arrow.
The arrow hits you.
You sock the worker ant! You block the worker ant's attack.
The centaur shoots an arrow.
The arrow hits you but does no damage. The jelly barely misses you.
The worker ant bites you but does no damage.
You hit the worker ant.
You kill the worker ant!
Okawaru accepts your kill.
The centaur shoots an arrow.
The arrow closely misses you. The jelly barely misses you.
The centaur shoots an arrow.
The arrow barely misses you.
You sock the jelly!
Your hands burn!
The centaur shoots an arrow.
The arrow hits you but does no damage. The jelly hits you.
* * * LOW HITPOINT WARNING * * *
The acid corrodes you!
You are splashed with acid!
* * * LOW HITPOINT WARNING * * *
The centaur shoots an arrow.
You block the arrow. The jelly barely misses you.
The centaur shoots an arrow.
The arrow hits you!
You die...

#.## ###. # ##...
.... .. .... ...#
.#. #..# #..# .
.... #..# #..###.#
....$#..###......#
....c.............
#.@...#
.......J##..#
.....#.)###.#
........###.#
.#..........#
#....#.###.#
...#.......# #
#.#.##.###.###.#
.##.........#


You could see a centaur and a jelly.

Vanquished Creatures
  Eustachio (D:4)
  Menkaure (D:5)
  A bullfrog (D:6)
  A jelly (D:5)
  2 orc wizards (D:4)
  An iguana (D:4)
  2 worker ants
  A hound zombie (D:6)
  2 hound skeletons
  Robin (D:3)
  10 adders
  4 gnolls
  2 oozes
  2 adder skeletons (D:4)
  4 dart slugs
  A worm (D:3)
  16 orcs
  3 ball pythons
  6 bats
  5 giant cockroaches
  8 hobgoblins
  9 kobolds
  A quokka (D:3)
  6 frilled lizards
  15 goblins
  13 rats
118 creatures vanquished.

Notes
Turn   | Place    | Note
-------+----------+-------------------------------------------
     0 | D:1      | MrTaco21 the Gargoyle Fighter began the quest for the Orb.
     0 | D:1      | Reached XP level 1. HP: 14/14 MP: 1/1
   100 | D:1      | Reached XP level 2. HP: 19/19 MP: 2/2
   250 | D:1      | Reached skill level 3 in Maces & Flails
   486 | D:1      | Reached XP level 3. HP: 22/23 MP: 3/3
   886 | D:2      | Reached skill level 4 in Maces & Flails
  1028 | D:2      | Reached XP level 4. HP: 27/28 MP: 4/4
  1290 | D:2      | Reached skill level 5 in Maces & Flails
  1290 | D:2      | Reached XP level 5. HP: 32/32 MP: 5/5
  2992 | D:4      | Noticed Robin
  3052 | D:3      | Killed Robin
  3395 | D:4      | Reached skill level 6 in Maces & Flails
  3395 | D:4      | Reached XP level 6. HP: 22/37 MP: 6/6
  3775 | D:4      | Noticed Eustachio
  3810 | D:4      | Killed Eustachio
  3811 | D:4      | Reached skill level 7 in Maces & Flails
  4054 | D:4      | Reached XP level 7. HP: 34/41 MP: 7/7
  4351 | D:4      | Found a staircase to the Ecumenical Temple.
  4379 | Temple   | Entered the Ecumenical Temple
  4652 | Temple   | Became a worshipper of Warmaster Okawaru
  4784 | D:5      | Entered Level 5 of the Dungeon
  5135 | D:5      | Noticed Menkaure
  5145 | D:5      | Killed Menkaure
  5146 | D:5      | Reached skill level 8 in Maces & Flails
  5604 | D:6      | Found a hide-covered altar of Uskayaw.
  5605 | D:6      | Found a white marble altar of Elyvilon.
  5606 | D:6      | Found a basalt altar of Yredelemnul.
  5606 | D:6      | Found an ancient bone altar of Kikubaaqudgha.
  5665 | D:6      | Shot with an arrow by a centaur

Illustrated notes

Levels and vault maps discovered:
D:1:      scummos_arrival_simple_fountains, layout_loops_ring
D:2:      minmay_recursive_quarters, layout_basic
D:3:      layout_basic, gup_sewer_entry_glass
D:4:      layout_cave_pools, minmay_temple_entry_poolview, uniq_robin,
          uniq_eustachio
D:5:      layout_rooms, uniq_menkaure
D:6:      layout_loops_ring, chequers_temple_overflow_statue_of_worship,
          uniq_pikel
Temple:   dpeg_five_rooms_temple

Skill      XL: |  1  2  3  4  5  6  7 |
---------------+----------------------+-----
Maces & Flails | 3 4 5 6 7 8 |  8.8
Fighting       | |  3.2
Armour         | |  3.2
Shields        | |  3.2

Action                   |  1- 3 |  4- 6 |  7- 9 || total
-------------------------+-------+-------+-------++-------
Melee: Flail             |   106 |   293 |    98 ||   497
Throw: Dart              |       |     4 |     3 ||     7
Armor: Scale mail        |    81 |   226 |    76 ||   383
Dodge: Dodged            |    39 |   106 |    40 ||   185
Block: Kite shield       |    58 |   193 |    45 ||   296

Table legend: (Time is in decaauts)
 A = Elapsed time spent in this place.
 B = Non-inter-level travel time spent in this place.
 C = Inter-level travel time spent in this place.
 D = Time resting spent in this place.
 E = Time spent auto-exploring this place.
 F = Levels seen in this place.
 G = Mean time per level.
                   A        B        C        D        E       F      G
               +--------+--------+--------+--------+--------+-----+--------+
         Total |   5848 |   5581 |    267 |    778 |   3624 |   7 |  835.4 |
       Dungeon |   5523 |   5343 |    180 |    778 |   3388 |   6 |  920.5 |
        Temple |    325 |    238 |     87 |      0 |    236 |   1 |  325.0 |
               +--------+--------+--------+--------+--------+-----+--------+

Top non-repeatable levels by time:
     D:3: 1505 daAuts
     D:2: 1192 daAuts
     D:4: 1091 daAuts
     D:1: 834 daAuts
     D:5: 691 daAuts
  Temple: 325 daAuts
     D:6: 208 daAuts
